AoeStats
← bl4de

Arabia

507150597Analyzed
1v1 RM · 15d ago on Sep 16, 2026· 48m 56s· 2 players
Game mode
Random Map
Map size
Tiny (2 player)
Population
200
Speed
Normal
Resources
Standard
Victory
Conquest
Starting age
Dark Age
Ending age
Imperial Age
RankedLock teamsTeams togetherTeam positionsShared explorationLock speedFull tech treeHidden civsTurbo modeCheats
Victory
Defeat
🇩🇪 Vikings · Germany
1544
+15
🇨🇱 Byzantines · Chile
1517
-15
duakito
6:04 Loom
8:53 Feudal Age
11:07 Fletching
21:04 Castle Age
20:00 Horse Collar
20:07 Double-Bit Axe
21:11 Crossbowman
21:47 Bodkin Arrow
26:43 Bow Saw
26:50 Heavy Plow
27:47 Wheelbarrow
33:21 Imperial Age
32:28 Scale Barding Armor
32:33 Forging
32:51 Elite Skirmisher
33:38 Thumb Ring
34:27 Bracer
34:57 Ballistics
34:47 Padded Archer Armor
35:14 Conscription
36:39 Chemistry
37:29 Arbalester
bl4de
7:04 Loom
9:16 Feudal Age
11:11 Double-Bit Axe
11:08 Horse Collar
15:40 Fletching
21:03 Castle Age
20:00 Padded Archer Armor
20:03 Gold Mining
21:46 Bodkin Arrow
21:15 Crossbowman
22:12 Bow Saw
24:09 Town Watch
25:57 Heavy Plow
26:53 Ballistics
32:08 Imperial Age
32:51 Gold Shaft Mining
32:06 Stone Mining
32:56 Leather Archer Armor
32:49 Bracer
34:14 Chemistry
35:15 Arbalester
36:12 Elite Skirmisher
37:33 Bogsveigar
38:21 Conscription
37:58 Capped Ram
39:03 Leather Archer Armor
39:22 Scale Mail Armor
39:33 Forging
40:29 Two-Man Saw
40:43 Ring Archer Armor
40:23 Chieftains
41:04 Squires
40:50 Gambesons
40:50 Arson
40:26 Man-at-Arms
42:02 Crop Rotation
42:26 Long Swordsman
42:53 Pikeman
43:16 Two-Handed Swordsman
44:29 Chain Mail Armor
43:54 Champion
45:10 Iron Casting
46:42 Plate Mail Armor
46:59 Masonry
48:41 Blast Furnace
Connection lost

Rejoining the realm…

Still unreachable

The connection could not be restored.

Session expired

The server has moved on; the page needs a fresh start.